 Dungeon Crawl Stone Soup version 0.29.1-12-g30fa7ad0bf (webtiles) character file.

Game seed: 8786105064681034795

7 Jonezilla the Shield-Bearer (level 1, -2/20 HPs)
             Began as a Minotaur Fighter on Dec 12, 2022.
             Slain by a quokka (3 damage)
             ... on level 1 of the Dungeon.
             The game lasted 00:02:42 (291 turns).

Jonezilla the Shield-Bearer (Minotaur Fighter)       Turns: 291, Time: 00:02:42

Health: -2/20      AC:  7    Str: 20    XL:     1   Next: 91%
Magic:  0/0        EV:  9    Int:  5    God:
Gold:   0          SH:  4    Dex:  9    Spells: 0/0 levels left

rFire   . . .      SeeInvis .   a - +0 flail
rCold   . . .      Faith    .   c - +0 buckler
rNeg    . . .      Spirit   .   b - +0 scale mail
rPois   .          Reflect  .   (helmet restricted)
rElec   .          Harm     .   (no cloak)
rCorr   .          Rampage  .   (no gloves)
Will    .....                   (no boots)
Stlth   ..........              (no amulet)
HPRegen 0.06/turn               (no ring)
MPRegen 0.07/turn               (no ring)

@: no status effects
A: horns 2, retaliatory headbutt
a: no special abilities


You were on level 1 of the Dungeon.
You visited 1 branch of the dungeon, and saw 1 of its levels.

Inventory:

Hand Weapons
 a - a +0 flail (weapon)
Armour
 b - a +0 scale mail (worn)
 c - a +0 buckler (worn)
 e - a +0 buckler
Potions
 d - a potion of might


   Skills:
 + Level 3.8 Fighting
 + Level 2.4 Maces & Flails
 + Level 3.7 Armour
 + Level 0.2 Dodging
 + Level 3.9 Shields


You couldn't memorise any spells.
You didn't know any spells.
Your spell library was empty.

Dungeon Overview and Level Annotations

Branches:
Dungeon (1/15)

Altars:


Innate Abilities, Weirdness & Mutations

You have a pair of horns on your head.
You reflexively headbutt those who attack you in melee.


Message History

The quokka attacks as you move away! The quokka barely misses you.
The quokka attacks as you move away! The quokka barely misses you.
The quokka closely misses you. The quokka attacks as you move away!
The quokka closely misses you.
Found 5 gold pieces.
The quokka barely misses you.
The quokka twitches its whiskers.
The quokka twitches its whiskers.
The quokka barely misses you. The quokka closely misses you.
The quokka bites you.
* * * LOW HITPOINT WARNING * * *
Found a stone staircase leading down.
The quokka attacks as you move away!
The quokka bites you but does no damage.
The quokka bites you but does no damage.
There is a stone staircase leading down here.
You block the quokka's attack. The quokka attacks as you move away!
The quokka closely misses you. The quokka completely misses you.
You furiously retaliate!
You headbutt the quokka.
You kill the quokka!
The quokka bites you but does no damage.
The quokka attacks as you move away! You block the quokka's attack.
The kobold throws a stone.
The stone closely misses you. You block the quokka's attack.
The quokka attacks as you move away! The quokka closely misses you.
The quokka closely misses you. The quokka bites you.
* * * LOW HITPOINT WARNING * * *
A jackal and a quokka come into view.
The jackal barks!
The jackal moves out of view.
A jackal comes into view.
The jackal barks!
The quokka closely misses you. The quokka barely misses you.
The quokka attacks as you move away! The quokka completely misses you.
You furiously retaliate!
You headbutt the quokka. The quokka misses you.
The quokka bites you but does no damage.
The quokka attacks as you move away! The quokka bites you.
You die...

#........#
#........##########
#........##........
+..>.........####..
#####........$.###..###
#.............## .....#
#.##........#.... #...
#.####.##...#....# ##..
#.h.hr@.#........# ##..
..........Kr..#.#.#.....##...
..........#.#.#.#.#.##......#
.#..........#.# #..###..###
.....#........# #...####..
...#.##.....### #.....rK..
.... ......+ ##......### ####
#.#....# ........###
######.....


You could see 2 quokkas, 2 jackals and a kobold.

Vanquished Creatures
  A goblin (D:1)
  2 quokkas (D:1)
  2 bats (D:1)
  2 rats (D:1)
7 creatures vanquished.

Notes
Turn   | Place    | Note
-------+----------+-------------------------------------------
     0 | D:1      | Jonezilla the Minotaur Fighter began the quest for the Orb.
     0 | D:1      | Reached XP level 1. HP: 19/19 MP: 0/0
   255 | D:1      | HP: 1/20 [quokka (3)]
   266 | D:1      | HP: 1/20 [quokka (1)]
   283 | D:1      | HP: 1/20 [quokka (1)]
   291 | D:1      | Slain by a quokka

Illustrated notes

Levels and vault maps discovered:
D:1:      dpeg_arrival_three_same_balls, layout_basic, serial_shops,
          nicolae_shop_bloodbath_and_beyond, minivault_19,
          hangedman_abyss_or_decor_lesser_grid, minmay_misc_feat_iff,
          minmay_pentomino_r4

Action                   || total
-------------------------++-------
Melee: Flail             ||    10
       Headbutt          ||     1
Armor: Scale mail        ||    37
Dodge: Dodged            ||    44
Block: Buckler           ||    13
